 Dungeon Crawl Stone Soup version 0.20-a0-1014-g171fa7a (webtiles) character file.

176 HankScorpio the Cudgeler (level 5, -7/30 HPs)
             Began as a Gargoyle Gladiator on Apr 15, 2017.
             Mangled by an ogre
             ... wielding a +0 giant club
              (17 damage)
             ... on level 4 of the Dungeon.
             The game lasted 00:05:56 (2725 turns).

HankScorpio the Cudgeler (Gargoyle Gladiator)       Turns: 2725, Time: 00:05:57

Health: -7/30      AC: 20    Str: 18    XL:     5   Next: 56%
Magic:  5/5        EV:  5    Int:  9    God:
Gold:   105        SH:  0    Dex: 11    Spells: 4/4 levels left

rFire    . . .     SeeInvis .   a - +0 flail
rCold    . . .     Gourm    +   (no shield)
rNeg     + . .     Faith    .   p - +0 plate armour
rPois    ∞         Spirit   .   c - +0 helmet
rElec    +         Reflect  .   v - +0 cloak
rCorr    .         Harm     .   (no gloves)
MR       .....                  y - +0 pair of boots
Stlth    ..........             u - amulet of the gourmand (curse)
Regen    0.1/turn               x - +3 ring of protection
MPRegen  0.1/turn               E - ring of poison resistance

@: no status effects
A: negative energy resistance 1, electricity resistance, unbreathing,
petrification resistance, rot immunity, AC +4
a: no special abilities


You were on level 4 of the Dungeon.
You were not hungry.

You visited 1 branch of the dungeon, and saw 4 of its levels.

You collected 105 gold pieces.

Inventory:

Hand Weapons
 a - a +0 flail (weapon)
Missiles
 d - 3 throwing nets (quivered)
Armour
 b - a +0 leather armour
 c - a +0 helmet (worn)
 p - a +0 plate armour (worn)
 v - a +0 cloak (worn)
 y - a +0 pair of boots (worn)
Magical Staves
 A - an uncursed staff of conjuration
Jewellery
 u - a cursed amulet of the gourmand (around neck)
 x - a +3 ring of protection (left hand)
 D - an uncursed ring of stealth
 E - a ring of poison resistance (right hand)
Scrolls
 e - a scroll of teleportation {unknown}
 g - a scroll of fog {unknown}
 k - a scroll of identify {unknown}
 m - a scroll of fear {unknown}
 o - a scroll of enchant armour {unknown}
 q - a scroll of enchant weapon {unknown}
 r - 3 scrolls of remove curse {unknown}
 s - 2 scrolls of recharging {unknown}
 t - a scroll of amnesia {unknown}
Potions
 h - a potion of berserk rage {unknown}
 i - 2 potions of agility {unknown}
 j - a potion of lignification {unknown}
 l - a potion of heal wounds {unknown}
 n - a potion of curing
 w - 2 potions of haste {unknown}
 z - a potion of magic {unknown}
 B - a potion of brilliance {unknown}
Comestibles
 f - a bread ration
 C - a royal jelly


   Skills:
 - Level 2.1 Fighting
 + Level 6.0 Maces & Flails
 - Level 1.7 Throwing
 - Level 2.4 Dodging


You had 4 spell levels left.
You didn't know any spells.

Dungeon Overview and Level Annotations

Branches:
Dungeon (4/15)
 Temple: D:4-7

Altars:
Ashenzari
Uskayaw


Innate Abilities, Weirdness & Mutations

You are resistant to torment.
Your stone body is resilient. (AC +4)
You are immune to poison.
You resist negative energy. (rN+)
You are resistant to electric shocks. (rElec)
You can survive without breathing.
You are immune to petrification.
You are immune to rotting.


Message History

Your plate armour prevents you from hitting the ogre.
The ogre is moderately wounded.
The giant cockroach barely misses you.
You barely miss the ogre.
The ogre is moderately wounded.
The giant cockroach bites you but does no damage.
The ogre hits you with a giant club!
Ouch! That really hurt!
* * * LOW HITPOINT WARNING * * *
The giant cockroach bites you but does no damage.
The giant cockroach bites you but does no damage.
Found 7 gold pieces.
You hit the ogre.
The ogre is heavily wounded.
The ogre hits you but does no damage.
You sock the ogre!
The ogre is severely wounded.
The ogre hits you with a giant club!
Ouch! That really hurt!
You die...

### .. #.
...###.####
......$@Os#######
...###.##.......#
#.##..####.#
#........#
###...##.# #...#
# #####...##.#.#
...............#
....###..<...###


You could see an ogre and a giant cockroach.

Vanquished Creatures
  A howler monkey (D:4)
  An orc priest (D:3)
  An orc wizard (D:3)
  2 adders
  An ooze (D:1)
  A worm (D:4)
  3 leopard geckos
  3 orcs (D:3)
  5 giant cockroaches
  4 hobgoblins (D:1)
  9 jackals
  5 bats
  4 frilled lizards
  5 goblins
  5 kobolds
  7 rats
57 creatures vanquished.

Notes
Turn   | Place    | Note
-------+----------+-------------------------------------------
     0 | D:1      | HankScorpio the Gargoyle Gladiator began the quest for the Orb.
     0 | D:1      | Reached XP level 1. HP: 12/12 MP: 1/1
   394 | D:1      | Reached XP level 2. HP: 17/17 MP: 2/2
   477 | D:1      | Found a shattered altar of Ashenzari.
   774 | D:1      | Reached skill level 4 in Maces & Flails
   774 | D:1      | Reached XP level 3. HP: 19/21 MP: 3/3
  1058 | D:2      | Noticed a dagger
  1059 | D:2      | Noticed a hand axe
  1071 | D:2      | Found a hide-covered altar of Uskayaw.
  1802 | D:3      | Reached XP level 4. HP: 24/26 MP: 4/4
  1996 | D:3      | Reached skill level 5 in Maces & Flails
  2050 | D:3      | Reached XP level 5. HP: 3/30 MP: 5/5
  2056 | D:3      | HP: 1/30 [orc/dagger (3)]
  2705 | D:4      | Reached skill level 6 in Maces & Flails
  2711 | D:4      | Noticed an ogre
  2725 | D:4      | Mangled by an ogre

Vault maps used:
D:1:      onia_arrival_mini_maze_b, serial_park_tiny_pond,
          evilmike_ruin_ashenzari
D:2:      dancing_weapons_uskayaw, grunt_ministairs_11
D:4:      nemelex_xobeh_ov_fountains_minmay, minmay_misc_feat_tower,
          minmay_misc_feat_five, uniq_natasha, uniq_blork_the_orc

Skill      XL: |  1  2  3  4  5 |
---------------+----------------+-----
Maces & Flails | 4 5 6 |  6.0
Fighting       | |  2.1
Throwing       | |  1.7
Dodging        | |  2.4

Action                   |  1- 3 |  4- 6 || total
-------------------------+-------+-------++-------
Melee: Flail             |   135 |    64 ||   199
       Staff             |    13 |    55 ||    68
  Use: Potion            |       |     1 ||     1
 Stab: Sleeping          |     1 |       ||     1
  Eat: Chunk             |     2 |     2 ||     4
       Bread ration      |       |     1 ||     1
Armor: Leather armour    |    21 |       ||    21
       Plate armour      |   128 |   147 ||   275
Dodge: Dodged            |    86 |    53 ||   139
